 Dungeon Crawl Stone Soup version 0.26-a0-64-g059e62fbdb (webtiles) character file.

Game seed: 12059147119063403606

105 Gargoyl the Skirmisher (level 4, 0/41 HPs)
             Began as a Centaur Abyssal Knight on June 10, 2020.
             Was a Believer of Lugonu.
             Slain by Sigmund
             ... wielding a +0 scythe
              (6 damage)
             ... on level 3 of the Dungeon.
             The game lasted 00:03:04 (2593 turns).

Gargoyl the Skirmisher (Centaur Abyssal Knight)     Turns: 2593, Time: 00:03:05

Health: 0/41       AC:  7    Str: 14    XL:     4   Next: 53%
Magic:  5/5        EV:  7    Int: 11    God:    Lugonu [**....]
Gold:   175        SH:  0    Dex: 10    Spells: 3/3 levels left

rFire    . . .     SeeInvis .   d - +0 hand axe (drain)
rCold    . . .     Gourm    .   (no shield)
rNeg     . . .     Faith    .   i - +1 scale mail
rPois    .         Spirit   .   (no helmet)
rElec    .         Reflect  .   (no cloak)
rCorr    .         Harm     .   (no gloves)
MR       .....                  (no barding)
Stlth    ..........             k - amulet of magic regeneration
HPRegen  0.53/turn              (no ring)
MPRegen  0.34/turn              (no ring)

@: hasted, very quick
A: large, hooves 3, deformed body, speed 2, regeneration 1, robust 1, tough skin
3
a: Depart the Abyss, Bend Space, Renounce Religion


You were on level 3 of the Dungeon.
You worshipped Lugonu.
Lugonu was pleased with you.
You were not hungry.

You visited 1 branch of the dungeon, and saw 3 of its levels.
You visited the Abyss 1 time.

You collected 175 gold pieces.

Inventory:

Hand Weapons
 a - a +1 hand axe
 d - a +0 hand axe of draining (weapon)
Missiles
 o - 8 boomerangs (quivered)
Armour
 i - a +1 scale mail (worn)
Jewellery
 k - an amulet of magic regeneration (around neck)
Wands
 l - a wand of flame (25)
Scrolls
 b - 4 scrolls of remove curse
 h - a scroll of identify
 j - 2 scrolls of teleportation
Potions
 e - a potion of flight {unknown}
 f - a potion of haste
 m - 2 potions of curing {unknown}
 n - a potion of mutation
Comestibles
 c - 7 rations
 g - a chunk of flesh


   Skills:
 + Level 3.5 Fighting
 + Level 2.4 Axes
 * Level 2.2 Armour
 * Level 1.5 Dodging
 * Level 2.6 Invocations


You had 3 spell levels left.
You didn't know any spells.
Your spell library was empty.

Dungeon Overview and Level Annotations

Branches:
Dungeon (3/15)

Altars:
Ashenzari
Cheibriados
Nemelex Xobeh
Okawaru

Annotations:
D:3 Sigmund


Innate Abilities, Weirdness & Mutations

You have hooves in place of feet.
Armour fits poorly on your strangely shaped body.
You cover ground very quickly.
You have extremely tough skin. (AC +3)
Your natural rate of healing is unusually fast.
You are robust. (+10% HP)


Message History

You bump into the rock wall.
Sigmund gestures wildly while chanting.
Sigmund flickers and vanishes!
Deactivating autopickup; reactivate with Ctrl-A.
You bump into the rock wall.
You feel less confused. Something hits you.
You slash something! You kick something. Something hits you.
You barely miss something. Something hits you.
You miss something. You kick something. You hit something. Something hits you.
You barely miss something. Something hits you.
* * * LOW HITPOINT WARNING * * *
You closely miss something. Your kick misses something. Something hits you.
* * * LOW HITPOINT WARNING * * *
It was a potion of haste.
You feel yourself speed up.
It was a potion of mutation.
You feel extremely strange.
You begin to heal more quickly.
You feel robust. Something hits you.
You die...

.....#############.#
.##.## #######.#
##### #.......# #
#.#####.## ####
####.#.## ...#
#...###.# .#.#
#..#.#..# .#.###..
#.#.{##.#.# ......>.
#....@..#.#
รท..#....
###.##.##.# ...#.#..
#.......# .....#
####.#### ..#### #.#
..# #.# #....... #.#
#.###### #.# ..# #.#


There were no monsters in sight!

Vanquished Creatures
  Jessica (D:2)
  An adder (D:2)
  An ooze (D:1)
  3 worms
  A dart slug (D:1)
  2 leopard geckos
  A ball python (D:2)
  3 giant cockroaches (D:1)
  6 goblins
  5 hobgoblins
  10 kobolds
  9 bats
  3 frilled lizards
  8 rats
54 creatures vanquished.

Notes
Turn   | Place    | Note
-------+----------+-------------------------------------------
     0 | Abyss:1  | Gargoyl the Centaur Abyssal Knight began the quest for the
                  | Orb.
     0 | Abyss:1  | Reached XP level 1. HP: 19/19 MP: 2/2
     3 | Abyss:1  | Found a corrupted altar of Lugonu.
    41 | Abyss:1  | Noticed a small abomination
   239 | Abyss:1  | Found a hazy altar of Hepliaklqana.
   316 | Abyss:1  | Noticed a vampire mage
   317 | D:1      | Escaped the Abyss
   794 | D:1      | Reached * piety under Lugonu
   841 | D:1      | Reached XP level 2. HP: 26/26 MP: 3/3
  1091 | D:1      | Reached skill level 1 in Dodging
  1134 | D:1      | Reached XP level 3. HP: 30/31 MP: 4/4
  1771 | D:2      | Noticed Jessica
  1780 | D:2      | Killed Jessica
  1780 | D:2      | Reached XP level 4. HP: 38/38 MP: 5/5
  1913 | D:2      | Found an iron altar of Okawaru.
  1915 | D:2      | Found a shattered altar of Ashenzari.
  2390 | D:3      | Found a snail-covered altar of Cheibriados.
  2399 | D:3      | Found a sparkling altar of Nemelex Xobeh.
  2448 | D:3      | Reached ** piety under Lugonu
  2574 | D:3      | Noticed Sigmund
  2593 | D:3      | Gained mutation: Your natural rate of healing is unusually
                  | fast. [potion of mutation]
  2593 | D:3      | Gained mutation: You are robust. (+10% HP) [potion of
                  | mutation]
  2593 | D:3      | Slain by Sigmund

Illustrated notes

Levels and vault maps discovered:
D:1:      giann_forest_graveyard, layout_loops_corners,
          minmay_misc_feat_columns, minmay_heptomino_d4
D:2:      layout_basic, nicolae_overflow_hidden_temple, skrybe_limestone_x,
          uniq_jessica
D:3:      layout_loops_cross, nemelex_xobeh_ov_fountains_minmay,
          grunt_dithmenos_smoke_and_mirrors, cheibriados_altar_1,
          grunt_ministairs_1, uniq_sigmund

Skill      XL: |  1  2  3 |
---------------+----------+-----
Axes           | 2 |  2.4
Dodging        | 1 |  1.5
Armour         | 2 |  2.2
Fighting       | |  3.5
Invocations    | |  2.6

Action                   |  1- 3 |  4- 6 || total
-------------------------+-------+-------++-------
Melee: Hand axe          |    81 |    45 ||   126
       Kick              |    12 |    10 ||    22
Throw: Boomerang         |       |     1 ||     1
Invok: Depart the Abyss  |     1 |       ||     1
  Use: Scroll            |     5 |     2 ||     7
       Potion            |       |     2 ||     2
  Eat: Chunk             |     2 |     2 ||     4
Armor: Leather armour    |     4 |       ||     4
       Scale mail        |    46 |    33 ||    79
Dodge: Dodged            |    54 |    20 ||    74

Table legend:
 A = Non-vault XP
 B = Vault XP
 C = Vault XP percentage of total XP
 D = Non-vault monster count
 E = Vault monster count
 F = Vault count percentage of total count
                 A         B        C        D         E       F
            +---------+---------+-------+---------+---------+-------
      Total |      99 |      51 |  34.0 |      49 |       5 |   9.3
            +---------+---------+-------+---------+---------+-------
        D:1 |      38 |      14 |  26.9 |      25 |       4 |  13.8
        D:2 |      47 |      37 |  44.0 |      17 |       1 |   5.6
        D:3 |      14 |       0 |   0.0 |       7 |       0 |   0.0
            +---------+---------+-------+---------+---------+-------
